 Dungeon Crawl Stone Soup version 0.22-a0-596-gfbd32a6 (webtiles) character file.

22 iamserjio the Skirmisher (level 2, -3/24 HPs)
             Began as a Demonspawn Berserker on July 5, 2018.
             Was a Follower of Trog.
             Slain by a quokka (4 damage)
             ... on level 3 of the Dungeon.
             The game lasted 00:01:02 (141 turns).

iamserjio the Skirmisher (Demonspawn Berserker)      Turns: 141, Time: 00:01:03

Health: -3/24      AC:  2    Str: 17    XL:     2   Next: 68%
Magic:  2/2        EV: 17    Int:  8    God:    Trog [*.....]
Gold:   0          SH:  0    Dex: 17    Spells: 1/1 levels left

rFire    . . .     SeeInvis +   a - +0 hand axe
rCold    . . .     Gourm    .   (no shield)
rNeg     . . .     Faith    .   b - +0 animal skin
rPois    .         Spirit   .   (helmet restricted)
rElec    .         Reflect  .   (no cloak)
rCorr    .         Harm     .   (no gloves)
MR       .....                  (no boots)
Stlth    +++.......             (no amulet)
HPRegen  0.08/turn              f - ring of see invisible
MPRegen  0.08/turn              (no ring)

@: agile, berserk cooldown, slowed, very slow
A: horns 1
a: Berserk, Renounce Religion


You were on level 3 of the Dungeon.
You worshipped Trog.
Trog was aware of your devotion.
You were not hungry.

You visited 1 branch of the dungeon, and saw 3 of its levels.

Inventory:

Hand Weapons
 a - a +0 hand axe (weapon)
Armour
 b - a +0 animal skin (worn)
Jewellery
 f - a ring of see invisible (left hand)
Scrolls
 d - 2 scrolls of fear {unknown}
Comestibles
 c - 2 rations
 g - a chunk of flesh


   Skills:
 + Level 3.2 Fighting
 * Level 3.2 Axes
 + Level 2.1 Armour
 - Level 1.7 Dodging


You had one spell level left.
You didn't know any spells.
Your spell library was empty.

Dungeon Overview and Level Annotations

Branches:
Dungeon (3/15)

Altars:


Innate Abilities, Weirdness & Mutations

You have a pair of small horns on your head.


Message History

* * * LOW HITPOINT WARNING * * *
The quokka closely misses you.
You barely miss the quokka.
The quokka is moderately wounded.
The quokka misses you.
A bat comes into view.
The quokka bites you but does no damage.
You miss the quokka.
The quokka is moderately wounded.
You hit the rat.
You kill the rat!
Trog accepts your kill. The quokka bites you.
* * * LOW HITPOINT WARNING * * *
The quokka bites you.
* * * LOW HITPOINT WARNING * * *
It was a potion of agility.
You feel agile all of a sudden. The bat closely misses you.
The quokka barely misses you. The quokka bites you.
You die...

..<........#
...........#
...........#
.......[..#
#........#
#....[...# #
#..br....#
..#...%@[..#
#..........##
###.........###
####..#.....#
..########........
.......<).........
..#######.........
##........
#........


You could see a quokka and a bat.

Vanquished Creatures
  A worm (D:3)
  4 orcs (D:3)
  A ball python (D:2)
  2 bats (D:1)
  A giant cockroach (D:1)
  A goblin (D:3)
  2 hobgoblins
  2 rats (D:3)
14 creatures vanquished.

Notes
Turn   | Place    | Note
-------+----------+-------------------------------------------
     0 | D:1      | iamserjio the Demonspawn Berserker began the quest for the Orb.
     0 | D:1      | Reached XP level 1. HP: 18/18 MP: 1/1
   115 | D:3      | Gained mutation: You have a pair of small horns on your head. [demonic ancestry]
   115 | D:3      | Reached XP level 2. HP: 23/24 MP: 2/2
   140 | D:3      | HP: 1/24 [quokka (1)]
   141 | D:3      | Slain by a quokka

Vault maps used:
D:1:      dpeg_arrival_short_road, nrook_mini_backslash, xom_teletrap_fun
D:2:      marbit_many_paths, patterned_corridor
D:3:      chequers_temple_overflow_minitemple, first_ration

Skill      XL: |  1 |
---------------+----+-----
Axes           | 3 |  3.2
Armour         | 2 |  2.1
Fighting       | |  3.2
Dodging        | |  1.7

Action                   || total
-------------------------++-------
Melee: Hand axe          ||    30
       Headbutt          ||     2
Invok: Berserk           ||     1
  Use: Potion            ||     1
Armor: Animal skin       ||     5
Dodge: Dodged            ||    17

Table legend:
 A = Spawn XP
 B = Non-spawn XP
 C = Spawn XP percentage of total XP
 D = Spawn monster count
 E = Non-spawn monster count
 F = Spawn count percentage of total count
 G = Total turns spent on level
                    A         B        C        D         E        F      G
               +---------+---------+-------+---------+---------+-------+---------
         Total |       0 |      32 |   0.0 |       0 |      14 |   0.0 |   141
               +---------+---------+-------+---------+---------+-------+---------
           D:1 |       0 |       7 |   0.0 |       0 |       4 |   0.0 |    53
           D:2 |       0 |       4 |   0.0 |       0 |       2 |   0.0 |    59
           D:3 |       0 |      21 |   0.0 |       0 |       8 |   0.0 |    29
               +---------+---------+-------+---------+---------+-------+---------
